 Dungeon Crawl Stone Soup version 0.30-a0-23-ge60ba3568b (webtiles) character file.

Game seed: 10726491585810423782

6150 Pilot the Shield-Bearer (level 10, 0/102 HPs)
             Began as a Troll Fighter on Aug 24, 2022.
             Was a Follower of Wu Jian.
             Slain by a komodo dragon (23 damage)
             ... on level 1 of the Lair of Beasts on Aug 25, 2022.
             The game lasted 01:07:31 (6809 turns).

Pilot the Shield-Bearer (Troll Fighter)             Turns: 6809, Time: 01:07:31

Health: 0/102      AC:  8    Str: 26    XL:     10   Next: 59%
Magic:  10/10      EV: 14    Int:  7    God:    Wu Jian [*.....]
Gold:   174        SH:  0    Dex: 24    Spells: 11/11 levels left

rFire   . . .      SeeInvis +    q - +5 quarterstaff of the Forsaken Nights {vorpal, Int+3 Dex+5}
rCold   . . .      Faith    .    (shield currently unavailable)
rNeg    . . .      Spirit   .    M - +0 acid dragon scales
rPois   .          Reflect  .    (helmet restricted)
rElec   .          Harm     .    L - scarf {+Inv}
rCorr   +          Rampage  .    (gloves unavailable)
Will    .....                    (boots unavailable)
Stlth   ++........               (no amulet)
HPRegen 1.07/turn                i - ring of see invisible
MPRegen 0.12/turn                B - +6 ring of dexterity

@: no status effects
A: large, unfitting armour, claws 3, regeneration 1, shaggy fur 1, tough skin 1
a: Renounce Religion, Evoke Invisibility


You were on level 1 of the Lair of Beasts.
You worshipped Wu Jian.
Wu Jian was aware of your devotion.
You visited 3 branches of the dungeon, and saw 11 of its levels.

You collected 524 gold pieces.
You spent 350 gold pieces at shops.

Inventory:

Hand Weapons
 a - a +0 flail
 e - a +2 short sword of flaming
 n - a +0 sling
 q - the +5 quarterstaff of the Forsaken Nights (weapon) {vorpal, Int+3 Dex+5}
   (You found it on level 4 of the Dungeon)

   It inflicts extra damage upon your enemies.
   Int:       It affects your intelligence (+3).
   Dex:       It affects your dexterity (+5).
 N - a +0 broad axe of flaming
 R - a +0 vorpal shortbow
 Y - a +0 vorpal shortbow
Missiles
 f - 8 poisoned darts (quivered)
 l - 41 stones
 V - a curare-tipped dart
Armour
 c - a +0 kite shield
 I - a +2 robe of willpower
 L - a scarf of invisibility (worn)
 M - +0 acid dragon scales (worn)
Magical Staves
 j - a staff of cold
Jewellery
 i - a ring of see invisible (left claw)
 s - a ring of see invisible
 B - a +6 ring of dexterity (right claw)
Wands
 r - a wand of digging (3)
 J - a wand of mindburst (15)
 P - a wand of paralysis (8)
 Q - a wand of iceblast (8)
 X - a wand of flame (15)
Scrolls
 g - 2 scrolls of amnesia
 h - 4 scrolls of blinking
 k - 3 scrolls of identify
 o - 4 scrolls of teleportation
 p - 3 scrolls of torment
 u - 2 scrolls of poison
 w - 2 scrolls of magic mapping {unknown}
 x - 5 scrolls of enchant weapon
 y - 4 scrolls of noise
 E - a scroll of enchant armour {unknown}
 K - 2 scrolls of butterflies
 O - 3 scrolls of fear
 S - a scroll of immolation {unknown}
Potions
 d - 2 potions of might
 m - 3 potions of curing
 t - 2 potions of heal wounds
 v - 2 potions of ambrosia {unknown}
 z - a potion of brilliance
 A - a potion of lignification {unknown}
 C - a potion of resistance {unknown}
 D - a potion of berserk rage {unknown}
 F - 3 potions of mutation {unknown}
 G - a potion of attraction {unknown}
 T - a potion of flight {unknown}
 U - 7 potions of degeneration


   Skills:
 + Level 7.1 Fighting
 + Level 6.5 Short Blades
 - Level 1.7 Maces & Flails
 + Level 7.1 Dodging
 + Level 7.9 Shields
 + Level 1.1 Spellcasting


You had 11 spell levels left.
You didn't know any spells.
Your spell library contained the following spells:

 Spells                   Type           Power      Damage    Failure   Level
 Slow                     Hex            0%         N/A       45%         1
 Confusing Touch          Hex            0%         N/A       83%         3
 Dazzling Flash           Conj/Hex       0%         N/A       83%         3
 Inner Flame              Hex/Fire       0%         N/A       83%         3
 Stone Arrow              Conj/Erth      0%         3d7       83%         3
 Vampiric Draining        Necr           0%         2d6       83%         3
 Animate Armour           Summ/Erth      0%         N/A       99%         4
 Cause Fear               Hex            0%         N/A       99%         4
 Passage of Golubria      Tloc           0%         N/A       99%         4
 Agony                    Necr           0%         N/A       100%        5
 Silence                  Hex/Air        0%         N/A       100%        5
 Discord                  Hex            0%         N/A       100%        8
 Lehudib's Crystal Spear  Conj/Erth      0%         10d2      100%        8


Dungeon Overview and Level Annotations

Branches:
Dungeon (10/15)            Temple (1/1) D:7            Lair (1/5) D:10
    Orc: D:9-12

Altars:
Ashenzari
Cheibriados
Dithmenos
Elyvilon
Fedhas
Gozag
Kikubaaqudgha
Makhleb
Nemelex Xobeh
Qazlal
Ru
Sif Muna
Trog
Uskayaw
Vehumet
Wu Jian
Yredelemnul
The Shining One

Shops:
D:4 (=!:   D:6 [   D:7 *   D:10 =[?(


Innate Abilities, Weirdness & Mutations

You are too large for most types of armour.
You have claws for hands.
Your natural rate of healing is unusually fast.
You are covered in fur. (AC +1)
You have tough skin. (AC +1)


Message History

The black mamba poisons you! The black mamba bites you.
You sock the black mamba!
You kill the black mamba!
The Council accepts your kill.
You feel very sick.
Your Spellcasting skill increases to level 1!
You feel very sick.
A komodo dragon comes into view.
You feel very sick.
The komodo dragon hisses angrily.
Throw: 9 darts (poison)
Press: ? - help, Q - select action, (/) - cycle Shift-Dir - straight line, f - komodo dragon
Aim: a komodo dragon (73% to hit)
You throw a poisoned dart.
The poisoned dart hits the komodo dragon.
The komodo dragon is poisoned.
You feel very sick.
You feel sick.
You feel sick.
You hit the komodo dragon.
The komodo dragon is lightly wounded.
You hear the faint crackling of a very distant melting archway.
You feel sick. The komodo dragon misses you. The komodo dragon bites you!
You hit the komodo dragon but do no damage.
The komodo dragon is lightly wounded.
You feel sick. The komodo dragon bites you!
You hit the komodo dragon.
The komodo dragon is moderately wounded.
You feel sick.
The komodo dragon looks more healthy.
The komodo dragon bites you.
You completely miss the komodo dragon.
The komodo dragon is moderately wounded.
You feel sick.
You are no longer poisoned.
The komodo dragon bites you.
* * * LOW HITPOINT WARNING * * *
The komodo dragon bites you!!
* * * LOW HITPOINT WARNING * * *
You feel much better. The komodo dragon bites you!!
You die...

### #......## ##P###
#.......# ###....#
##.......# #......#
........# .......#
#.......#
..)....#######......###
......................##
#...............@l.((..#
##......................
##......########...##...
.....#### #..#.# #
.....# #..### ...###
#..# ..## #..# ... #..#
#...


You could see a komodo dragon.

Vanquished Creatures
  A two-headed ogre (D:10)
  A black mamba (Lair:1)
  Maggie (D:7)
  2 komodo dragons (D:10)
  2 hornets (D:10)
  A vampire (D:10)
  A wraith (D:10)
  A wyvern (D:9)
  Menkaure (D:4)
  Duvessa (D:7)
  3 water moccasins
  4 ice beasts
  2 black bears
  A sky beast (D:4)
  An ogre (D:5)
  6 centaurs
  A kobold brigand (D:9)
  2 gnoll sergeants
  3 bullfrogs
  A scorpion (D:5)
  2 necrophages (D:6)
  Dowan (D:7)
  7 killer bees (D:8)
  3 howler monkeys (D:10)
  3 electric eels (D:9)
  A bullfrog zombie (D:5)
  7 orc priests
  A gnoll bouda (D:9)
  2 jellies
  6 iguanas
  2 orc wizards
  A howler monkey zombie (D:5)
  12 gnolls
  3 adders (D:6)
  2 white imps (D:6)
  2 worms (D:5)
  4 dart slugs
  19 orcs
  8 ball pythons (D:1)
  4 bats (D:1)
  5 endoplasms
  4 giant cockroaches
  5 goblins
  3 hobgoblins
  6 jackals
  2 quokkas (D:1)
  A frilled lizard (D:1)
  10 kobolds
  4 rats
166 creatures vanquished.

Vanquished Creatures (others)
  2 demonic plants (D:1)
  69 fungi (D:8)
  8 plants
79 creatures vanquished.

Grand Total: 245 creatures vanquished

Notes
Turn   | Place    | Note
-------+----------+-------------------------------------------
     0 | D:1      | Pilot the Troll Fighter began the quest for the Orb.
     0 | D:1      | Reached XP level 1. HP: 22/22 MP: 0/0
    69 | D:1      | Reached XP level 2. HP: 29/29 MP: 1/1
   291 | D:1      | Found a faded altar of an unknown god.
   291 | D:1      | Noticed a hell beast
   340 | D:1      | Reached XP level 3. HP: 34/36 MP: 2/2
  1113 | D:2      | You fall into a shaft and drop 2 floors!
  1202 | D:4      | Identified the +5 quarterstaff of the Forsaken Nights
                  | {vorpal, Int+3 Dex+5}
  1287 | D:4      | Found Zejelad's Jewellery Boutique.
  1318 | D:4      | Noticed a black bear
  1321 | D:4      | Killed a black bear
  1322 | D:4      | Reached skill level 1 in Short Blades
  1322 | D:4      | Reached XP level 4. HP: 41/45 MP: 3/3
  1322 | D:4      | Reached XP level 5. HP: 49/53 MP: 4/4
  1444 | D:4      | Noticed a sky beast
  1462 | D:4      | Killed a sky beast
  1621 | D:4      | Found Ikeyj's Antique Weapon Shoppe.
  1635 | D:4      | Noticed Menkaure
  1651 | D:4      | Killed Menkaure
  1652 | D:4      | Reached XP level 6. HP: 50/61 MP: 5/5
  1946 | D:4      | Found Qenarina's Book Boutique.
  1957 | D:4      | Found Kefufroh's Distillery.
  1961 | D:4      | Bought a potion of curing for 33 gold pieces
  1961 | D:4      | Bought a potion of brilliance for 44 gold pieces
  2186 | D:5      | Entered Level 5 of the Dungeon
  2222 | D:5      | Found a basalt altar of Yredelemnul.
  2271 | D:5      | Reached XP level 7. HP: 50/68 MP: 6/6
  2460 | D:5      | Found a sparkling altar of Nemelex Xobeh.
  3022 | D:5      | Found a blossoming altar of Fedhas.
  3266 | D:6      | Reached skill level 5 in Shields
  3278 | D:6      | Reached XP level 8. HP: 77/79 MP: 7/7
  3482 | D:6      | Found Zaeraova's Armour Shoppe.
  3968 | D:7      | Reached skill level 5 in Fighting
  3968 | D:7      | Reached skill level 5 in Dodging
  4198 | D:7      | Found Sachif's Assorted Antiques.
  4316 | D:7      | Noticed Duvessa
  4316 | D:7      | Noticed Dowan
  4331 | D:7      | Killed Dowan
  4337 | D:7      | HP: 2/80 [Duvessa/+0 short sword of speed (9)]
  4338 | D:7      | Killed Duvessa
  4390 | D:7      | Found a staircase to the Ecumenical Temple.
  4399 | Temple   | Entered the Ecumenical Temple
  4450 | Temple   | Became a worshipper of the Wu Jian Council
  4568 | D:7      | Noticed Maggie
  4583 | D:7      | Killed Maggie
  4584 | D:7      | Reached XP level 9. HP: 19/88 MP: 8/8
  4940 | D:8      | Reached skill level 5 in Short Blades
  5033 | D:8      | Found a burning altar of Makhleb.
  5077 | D:8      | Found a sacrificial altar of Ru.
  5501 | D:9      | Found an opulent altar of Gozag.
  5513 | D:9      | Reached * piety under Wu Jian
  5958 | D:10     | Entered Level 10 of the Dungeon
  5995 | D:10     | Reached XP level 10. HP: 68/100 MP: 9/9
  6018 | D:10     | Found Riagaqaa's Magic Scroll Shop.
  6025 | D:10     | Found Diloug's Armour Emporium.
  6117 | D:10     | Bought a scroll of butterflies for 56 gold pieces
  6117 | D:10     | Bought a scroll of blinking for 105 gold pieces
  6117 | D:10     | Bought a scroll of fear for 56 gold pieces
  6117 | D:10     | Bought a scroll of noise for 14 gold pieces
  6117 | D:10     | Bought a scroll of teleportation for 42 gold pieces
  6126 | D:10     | Noticed a two-headed ogre
  6169 | D:10     | Killed a two-headed ogre
  6262 | D:10     | Paralysed by a hornet for 1 turns
  6269 | D:10     | Found Eguniakh's Jewellery Shop.
  6290 | D:10     | Paralysed by a hornet for 3 turns
  6366 | D:10     | Found a staircase to the Lair.
  6531 | D:10     | Found Qeos's Antique Weapon Boutique.
  6759 | Lair:1   | Entered Level 1 of the Lair of Beasts
  6791 | Lair:1   | Noticed a black mamba
  6799 | Lair:1   | Killed a black mamba
  6800 | Lair:1   | Reached skill level 1 in Spellcasting
  6808 | Lair:1   | HP: 2/102 [komodo dragon (27)]
  6809 | Lair:1   | Slain by a komodo dragon

Illustrated notes

Levels and vault maps discovered:
D:1:      shiori_shiawase, layout_basic,
          dreamdust_ecumenical_altar_sealed_demon, hangedman_feature_mirror,
          minmay_pentomino_u4
D:2:      layout_basic, serial_shops, shop, nicolae_shop_vocational
D:4:      layout_basic, worldfamousw_hep_ancestral_shrine, serial_shops,
          nicolae_shop_hallway_plus, kennysheep_mini,
          nicolae_shop_window_shopping, shop, nicolae_shop_behind_doors,
          uniq_menkaure
D:5:      layout_loops_cross, nemelex_spade_bored_becter,
          lemuel_zombie_altar_yredelemnul, general_overflow_altar
D:6:      layout_loops_ring, zin_angel, serial_shops, shop
D:7:      layout_gridville, lemuel_temple_firewalk_b, serial_shops, shop,
          uniq_maggie, uniq_duvessa
D:8:      wander_river, layout_basic, mainiacjoe_overflow_catch_the_wave,
          enter_bailey_7
D:9:      layout_roguey, mainiacjoe_overflow_concentric_impassable, hex_medium,
          serial_bayou_lake_a
D:10:     layout_basic, david_lair_shrubbed, serial_shops, shop, shop, shop,
          shop
Temple:   chequers_temple_sunken
Lair:1:   layout_hall_layers, portal_ice_cave_entry_pillars_2,
          lemuel_fruit_tree, uniq_fannar

Skill      XL: |  1  2  3  4  5  6  7  8  9 10 |
---------------+-------------------------------+-----
Shields        | 3 4 5 6 7 |  7.9
Fighting       | 3 4 5 6 7 |  7.1
Short Blades   | 1 2 3 4 5 6 |  6.5
Dodging        | 3 4 5 6 7 |  7.1
Spellcasting   | 1 |  1.1
Maces & Flails | |  1.7

Action                   |  1- 3 |  4- 6 |  7- 9 | 10-12 || total
-------------------------+-------+-------+-------+-------++-------
Melee: Flail             |    24 |       |       |       ||    24
       Short sword       |    98 |       |       |       ||    98
       Quarterstaff      |     4 |    43 |   269 |    73 ||   389
 Fire: Shortbow          |       |       |     1 |       ||     1
Throw: Stone             |       |     1 |       |       ||     1
       Dart              |       |       |    30 |    17 ||    47
Invok: Lunge             |       |       |     8 |     2 ||    10
       Whirlwind         |       |       |     1 |       ||     1
Evoke: Wand              |       |       |     2 |     2 ||     4
  Use: Potion            |       |       |     2 |     1 ||     3
       Scroll            |       |       |     1 |     4 ||     5
 Stab: Sleeping          |     1 |     1 |     4 |       ||     6
Armor: Robe              |    47 |     8 |    45 |       ||   100
       Acid dragon scale |       |       |    48 |    24 ||    72
Dodge: Dodged            |    45 |    25 |   206 |    58 ||   334
Block: Kite shield       |    39 |       |       |       ||    39

Table legend: (Time is in decaauts)
 A = Elapsed time spent in this place.
 B = Non-inter-level travel time spent in this place.
 C = Inter-level travel time spent in this place.
 D = Time resting spent in this place.
 E = Time spent auto-exploring this place.
 F = Levels seen in this place.
 G = Mean time per level.
                   A        B        C        D        E       F      G
               +--------+--------+--------+--------+--------+-----+--------+
         Total |   6993 |   1910 |   5083 |      0 |      0 |  11 |  635.7 |
       Dungeon |   6864 |   1861 |   5003 |      0 |      0 |   9 |  762.7 |
        Temple |     73 |     11 |     62 |      0 |      0 |   1 |   73.0 |
          Lair |     54 |     36 |     18 |      0 |      0 |   1 |   54.0 |
               +--------+--------+--------+--------+--------+-----+--------+

Top non-repeatable levels by time:
     D:4: 1161 daAuts
     D:1: 868 daAuts
     D:5: 864 daAuts
    D:10: 829 daAuts
     D:8: 823 daAuts
     D:6: 808 daAuts
     D:7: 661 daAuts
     D:9: 571 daAuts
     D:2: 275 daAuts
  Temple: 73 daAuts
  Lair:1: 54 daAuts
